 Dungeon Crawl Stone Soup version 0.17.0-57-g0e89251 (webtiles) character file.

2408 ketsa the Cleaver (level 9, -3/63 HPs)
             Began as a Human Abyssal Knight on Dec 8, 2015.
             Was a Priest of Lugonu.
             Slain by a killer bee (8 damage)
             ... on level 7 of the Dungeon.
             The game lasted 00:28:40 (9822 turns).

ketsa the Cleaver (Human Abyssal Knight)            Turns: 9822, Time: 00:28:40

Health: -3/63      AC: 10    Str: 18    XL:     9   Next: 75%
Magic:  9/14       EV: 10    Int: 12    God:    Lugonu [***...]
Gold:   293        SH:  0    Dex: 14    Spells: 0 memorised, 8 levels left

rFire  . . .     SeeInvis .     C - +8 whip "Ohounain" {speed, Stlth+}
rCold  . . .     Clarity  .     y - +0 scale mail
rNeg   . . .     SustAt   .     (no shield)
rPois  .         Gourm    .     R - +0 helmet (curse)
rElec  .         Spirit   .     N - +0 cloak {+Inv}
rCorr  .         Warding  .     (no gloves)
rMut   .         Stasis   .     (no boots)
MR     .....                    (no amulet)
Stlth  +.........               (no ring)
                                s - +3 ring of strength

@: lethally poisoned (-3 -> -6), not resistant to hostile enchantments, very
unstealthy
A: no striking features
a: Depart the Abyss, Bend Space, Banish, Renounce Religion, Evoke Invisibility


You were on level 7 of the Dungeon.
You worshipped Lugonu.
Lugonu was most pleased with you.
You were hungry.

You visited 1 branch of the dungeon, and saw 7 of its levels.
You visited the Abyss 1 time.
You also visited: Sewer.

You collected 293 gold pieces.

Inventory:

Hand Weapons
 a - a +1 hand axe
 q - a +2 dagger of venom
 C - the +8 whip "Ohounain" (weapon) {speed, Stlth+}
   (You found it on level 6 of the Dungeon)

   Attacks with this weapon are significantly faster.
   It makes you more stealthy.
 P - a +1 war axe
Missiles
 f - 257 stones (quivered)
 E - 7 tomahawks
Armour
 u - a +2 helmet
 y - a +0 scale mail (worn)
 J - a +0 scale mail
 N - a +0 cloak of invisibility (worn)
 R - a cursed +0 helmet (worn)
Jewellery
 s - a +3 ring of strength (left hand)
 K - an uncursed ring of teleportation
Wands
 g - a wand of random effects (29)
 h - a wand of random effects (17)
 Q - a wand of confusion (48)
Scrolls
 d - a scroll of identify
 i - 2 scrolls of enchant armour
 n - a scroll of noise
 t - 2 scrolls of teleportation
 A - a scroll of fear
Potions
 e - a potion of flight {unknown}
 j - 2 potions of curing
 m - a potion of heal wounds
 o - a potion of beneficial mutation {unknown}
 p - a potion of degeneration {unknown}
 v - 4 potions of agility {unknown}
 w - a potion of ambrosia {unknown}
 F - 3 potions of magic
 H - 2 potions of brilliance {unknown}
 I - 2 potions of haste {unknown}
Books
 r - a book of Frost

   Spells                             Type                      Level
   a - Freeze                         Ice                          1
   b - Throw Frost                    Conjuration/Ice              2
   c - Ozocubu's Armour               Charms/Ice                   3
   d - Throw Icicle                   Conjuration/Ice              4
   e - Summon Ice Beast               Ice/Summoning                4
   f - Condensation Shield            Ice                          4
Comestibles
 b - 8 chunks of flesh
 c - 6 bread rations
 B - 2 royal jellies
 L - 2 beef jerkies
 M - 3 meat rations


   Skills:
 - Level 3.0 Fighting
 * Level 8.8 Axes
 + Level 6.5 Armour
 - Level 1.2 Dodging
 + Level 7.3 Invocations


You had 8 spell levels left.
You didn't know any spells.

Dungeon Overview and Level Annotations

Branches:
Dungeon (7/15)             Temple (0/1) D:7

Altars:
Gozag
Vehumet

Shops:
D:7 *


Message History

The killer bee barely misses you.
The killer bee stings you but does no damage.
You hit the killer bee.
You kill the killer bee!
Lugonu accepts your kill.
You are feeling hungry.
You whack the killer bee!
The killer bee is severely wounded.
The killer bee misses you.
You closely miss the killer bee.
The killer bee is severely wounded.
The killer bee buzzes angrily.
The killer bee stings you.
* * * LOW HITPOINT WARNING * * *
You are poisoned.
The killer bee poisons you!
You hit the killer bee.
The killer bee is severely wounded.
You feel sick. The killer bee stings you!
You die...

,,......##..### *#...## *,,,,,,
,,....#**##.## #....##**,,,,,,
,,...** #..# ##.....,,,,,,,,,
,*.,** ##))# #....##***,,,,,,
***,** ###.).#####.....# **,,,,,
*,,**#.....).##...#..# *,,,,,
*,,*#...##......####.## **,.,*
**,.....##....#.## #..#####.#**
**,..?..#*#....#@# ##..#....#
*,,.......#...##y### #.......##
,,,...........##y..####..###...##
,,,..................##..# ##...#
*,,,,,......#...........####..#..
**,***.....###...##............≈≈
*,,**##..#* #....##...#....≈≈≈≈.
**,* #y#* #..........##..≈....
**,***#.* #...........#...._..


You could see 2 killer bees.

Vanquished Creatures
  The ghost of Fuzzybunny the Ruffian, an amateur DrTm (D:5)
  A phantom (D:5)
  2 ice beasts (D:6)
  2 centaurs (D:6)
  2 ogres (D:5)
  A giant frog (D:6)
  A scorpion (D:5)
  3 killer bees
  2 crimson imps (D:6)
  2 hounds (D:6)
  2 centaur skeletons (D:4)
  An orc priest (D:3)
  2 giant frog skeletons
  Crazy Yiuf (D:6)
  7 orc wizards
  5 worker ants
  A hound skeleton (D:5)
  10 gnolls
  4 river rats (Sewer)
  9 adders
  4 shadow imps
  3 oozes
  2 adder skeletons
  3 worms
  9 giant geckos
  25 orcs
  4 ball pythons (Sewer)
  7 bats
  5 giant cockroaches
  8 hobgoblins
  3 kobolds
  A giant cockroach zombie (D:5)
  9 giant newts
  4 goblins
  2 jackals (D:5)
  3 quokkas
  A quokka skeleton (D:4)
  2 quokka zombies
  14 rats
168 creatures vanquished.

Vanquished Creatures (others)
  2 orc warriors
  2 ogres
  A killer bee (D:7)
  A jelly (D:6)
6 creatures vanquished.

Grand Total: 174 creatures vanquished

Notes
Turn   | Place    | Note
--------------------------------------------------------------
     0 | Abyss:1  | ketsa the Human Abyssal Knight began the quest for the Orb.
     0 | Abyss:1  | Reached XP level 1. HP: 18/18 MP: 2/2
    39 | Abyss:1  | Noticed a raiju
    41 | D:1      | Escaped the Abyss
   226 | D:1      | Reached * piety under Lugonu
   293 | D:1      | Reached XP level 2. HP: 8/24 MP: 3/3
  1097 | D:2      | Reached XP level 3. HP: 21/29 MP: 4/4
  1499 | D:2      | Found a radiant altar of Vehumet.
  1512 | D:2      | Reached XP level 4. HP: 32/35 MP: 6/6
  1947 | D:3      | Reached ** piety under Lugonu
  2151 | D:3      | Found a glowing drain.
  2162 | D:3      | Reached XP level 5. HP: 37/41 MP: 7/7
  2185 | Sewer    | Entered a sewer
  2630 | Sewer    | Reached skill level 4 in Axes
  2841 | Sewer    | Reached *** piety under Lugonu
  3050 | D:3      | Reached XP level 6. HP: 38/47 MP: 8/8
  3961 | D:4      | Reached XP level 7. HP: 6/52 MP: 10/10
  4249 | D:4      | Reached skill level 5 in Axes
  5124 | D:5      | Entered Level 5 of the Dungeon
  5620 | D:5      | Noticed Fuzzybunny's ghost (amateur DrTm)
  5852 | D:5      | Reached skill level 6 in Axes
  5852 | D:5      | Reached skill level 5 in Invocations
  5852 | D:5      | Reached XP level 8. HP: 14/58 MP: 11/11
  6493 | D:5      | Killed Fuzzybunny's ghost
  6869 | D:5      | Reached skill level 5 in Armour
  6889 | D:5      | Reached **** piety under Lugonu
  6889 | D:5      | Reached skill level 7 in Axes
  7680 | D:6      | Reached XP level 9. HP: 48/63 MP: 13/13
  8189 | D:6      | Reached skill level 8 in Axes
  8276 | D:6      | Got a shimmering whip
  8360 | D:6      | Noticed Crazy Yiuf
  8374 | D:6      | Killed Crazy Yiuf
  9543 | D:7      | Found Gozag's Platinum Reserve.
  9571 | D:7      | Found an opulent altar of Gozag.
  9805 | D:7      | Identified the +8 whip "Ohounain" {speed, Stlth+} (You found it on level 6 of the Dungeon)
  9822 | D:7      | Slain by a killer bee

Action                   |  1- 3 |  4- 6 |  7- 9 || total
-------------------------+-------+-------+-------++-------
Melee: Hand axe          |    87 |   226 |   211 ||   524
       War axe           |       |       |   352 ||   352
       Whip              |       |       |    13 ||    13
Throw: Stone             |     5 |    12 |    12 ||    29
Invok: Depart the Abyss  |     1 |       |       ||     1
       Banish            |       |       |     8 ||     8
       Bend Space        |       |       |     2 ||     2
  Use: Scroll            |       |     3 |    12 ||    15
       Potion            |       |     2 |     6 ||     8
  Eat: Chunk             |     2 |     8 |    18 ||    28
       Fruit             |       |       |     3 ||     3
       Pizza             |       |       |     1 ||     1
